details: 'RT infiltration - i refused to belive what i just saw'

« prev index next »

General information

Mini Map

Players

team 1
OrcYeahImAssBats (red | 3 APM | 179 actions | 62:17)

» actions
Assign group hotkey1
Build / train8
Enter build submenu3
Remove unit from queue1
Right click25
Select / deselect129
Select group hotkey9
Use ability3
179 total
» units
Peon7
7 total
» buildings
Altar of Storms1
Orc Burrow1
Voodoo Lounge1
3 total
» build order
00:21 Altar of Storms
00:37 Orc Burrow
00:51 Voodoo Lounge
HumanTacoBellSwamp (blue | 78 APM | 4851 actions | 62:18)
Hero icon 9 Archmage
Ability icon 3 Blizzard
Ability icon 3 Brilliance Aura
Ability icon 1 Mass Teleport
Ability icon 2 Summon Water Elemental
Hero icon 7 Paladin
Ability icon 3 Holy Light
Ability icon 3 Divine Shield
Ability icon 1 Resurrection

» actions
Assign group hotkey36
Basic commands118
Build / train104
Enter build submenu43
Enter hero's abilities submenu18
Give item / drop item4
Remove unit from queue5
Right click3134
Select / deselect631
Select group hotkey571
Use ability187
4851 total
» units
Peasant28
Thunder Lizard9
Priest2
Goblin Zeppelin1
Furbolg Shaman1
Green Dragon3
Dragonhawk Rider4
Gryphon Rider3
51 total
» upgrades
Masonry3
Magic Sentry1
Cloud1
Animal War Training1
Swords1
Armor1
Storm Hammers1
Lumber Harvesting1
10 total
» buildings
Altar of Kings3
Farm26
Keep2
Arcane Vault2
Arcane Sanctum2
Castle2
Scout Tower2
Arcane Tower2
Blacksmith2
Lumber Mill1
Gryphon Aviary1
Town Hall2
Barracks1
48 total
» build order
00:05 Altar of Kings
00:10 Farm
00:43 Farm
06:37 Keep
07:38 Farm
07:39 Farm
08:24 Arcane Vault
09:13 Arcane Sanctum
10:05 Castle
10:23 Scout Tower
10:58 Arcane Tower
11:38 Farm
11:39 Farm
11:39 Farm
14:00 Scout Tower
15:03 Arcane Tower
15:56 Blacksmith
18:58 Altar of Kings
18:59 Farm
19:00 Farm
19:01 Farm
19:52 Farm
19:53 Farm
20:31 Farm
20:33 Farm
20:35 Farm
33:59 Farm
34:01 Farm
34:02 Farm
34:04 Farm
36:28 Farm
36:31 Farm
36:33 Farm
36:56 Altar of Kings
37:01 Lumber Mill
37:58 Farm
41:50 Farm
41:51 Farm
42:26 Farm
42:27 Keep
44:23 Blacksmith
45:32 Castle
45:37 Gryphon Aviary
46:31 Arcane Sanctum
48:51 Arcane Vault
50:30 Town Hall
50:36 Town Hall
51:01 Barracks
» items
Scroll of Town Portal3
Scroll of Regeneration2
Potion of Healing2
Staff of Sanctuary1
Boots of Speed1
Staff of Teleportation1
10 total
Human24.ounce.potion (orange | 16 APM | 906 actions | 56:16)
Hero icon 2 Mountain King
Ability icon 1 Bash
Ability icon 1 Storm Bolt

» actions
Assign group hotkey10
Basic commands75
Build / train20
Enter build submenu2
Enter hero's abilities submenu2
Right click298
Select / deselect332
Select group hotkey119
Use ability48
906 total
» units
Peasant13
13 total
» buildings
Altar of Kings1
Farm1
2 total
» build order
00:07 Altar of Kings
00:19 Farm
» items
Boots of Speed3
3 total
OrcMaxBuild (green | 10 APM | 623 actions | 62:17)
Hero icon 2 Shadow Hunter
Ability icon 1 Serpent Ward
Ability icon 1 Healing Wave
Hero icon 1 Tauren Chieftain
Ability icon 1 War Stomp

» actions
Assign group hotkey3
Basic commands13
Build / train51
Enter build submenu22
Enter hero's abilities submenu3
Give item / drop item1
Right click207
Select / deselect267
Select group hotkey5
Use ability50
623 total
» units
Peon17
Grunt12
Shaman5
Tauren4
38 total
» upgrades
Berserker Strength1
Shaman Training2
Pulverize1
Armor1
5 total
» buildings
Altar of Storms1
Orc Burrow6
Barracks2
War Mill2
Watch Tower2
Stronghold1
Fortress1
Spirit Lodge2
Voodoo Lounge1
Great Hall1
Tauren Totem3
22 total
» build order
00:24 Altar of Storms
00:40 Orc Burrow
00:53 Barracks
01:08 War Mill
02:02 Orc Burrow
03:07 Watch Tower
03:20 Orc Burrow
03:26 Watch Tower
03:43 Barracks
04:33 Stronghold
07:46 Fortress
08:31 Spirit Lodge
08:34 Spirit Lodge
09:20 Voodoo Lounge
10:30 Great Hall
10:53 Tauren Totem
10:56 Tauren Totem
11:09 Tauren Totem
11:19 War Mill
11:30 Orc Burrow
11:32 Orc Burrow
11:35 Orc Burrow
» items
Orb of Lightning1
1 total
team 2
Random» NightElfzombie666 (purple | 13 APM | 831 actions | 62:17)
Hero icon 7 Dark Ranger
Ability icon 3 Black Arrow
Ability icon 3 Life Drain
Ability icon 1 Charm

» actions
Assign group hotkey1
Basic commands74
Build / train58
Enter build submenu17
Enter hero's abilities submenu7
Give item / drop item2
Right click390
Select / deselect230
Select group hotkey2
Use ability50
831 total
» units
Wisp23
Chimaera8
31 total
» upgrades
Corrosive Breath1
Reinforced Hides2
Strength of the Wild1
4 total
» buildings
Moon Well8
Altar of Elders1
Tree of Ages1
Hunter's Hall1
Tree of Eternity1
Ancient of Wind1
Chimaera Roost3
Tree of Life1
Scout Tower1
18 total
» build order
00:23 Moon Well
01:02 Altar of Elders
02:28 Tree of Ages
02:57 Hunter's Hall
04:16 Moon Well
04:16 Moon Well
04:51 Tree of Eternity
06:02 Ancient of Wind
06:21 Moon Well
06:21 Moon Well
06:22 Moon Well
07:39 Chimaera Roost
07:45 Chimaera Roost
07:49 Chimaera Roost
08:22 Tree of Life
09:26 Moon Well
09:31 Moon Well
38:33 Scout Tower
» items
Boots of Speed1
Potion of Healing3
Scroll of Regeneration1
Scroll of Town Portal3
Scroll of Speed2
Lesser Clarity Potion1
Periapt of Vitality1
Potion of Lesser Invulnerability1
13 total
OrcRAULGEORGEL (pink | 27 APM | 1681 actions | 62:17)
Hero icon 5 Blademaster
Ability icon 2 Wind Walk
Ability icon 2 Critical Strike
Ability icon 1 Mirror Image

» actions
Basic commands10
Build / train57
Enter build submenu35
Enter hero's abilities submenu5
Give item / drop item6
Right click1163
Select / deselect297
Use ability107
1681 total
» units
Peon9
Spirit Walker29
Satyr Shadowdancer1
Furbolg Shaman1
Thunder Lizard1
Goblin Zeppelin1
Green Dragon Whelp1
Green Drake1
44 total
» upgrades
Spirit Walker Training1
1 total
» buildings
Orc Burrow10
Altar of Storms1
War Mill2
Watch Tower3
Voodoo Lounge1
Stronghold1
Spirit Lodge1
Great Hall2
Farm5
Scout Tower1
Arcane Tower1
28 total
» build order
00:42 Orc Burrow
01:20 Altar of Storms
01:59 War Mill
02:10 Orc Burrow
02:33 Orc Burrow
03:48 Watch Tower
03:52 Watch Tower
04:15 Voodoo Lounge
05:38 Watch Tower
10:47 Stronghold
13:17 Spirit Lodge
20:48 Orc Burrow
20:57 Great Hall
21:17 Orc Burrow
23:35 War Mill
26:43 Great Hall
32:47 Orc Burrow
35:15 Orc Burrow
40:09 Orc Burrow
42:32 Orc Burrow
52:28 Farm
54:52 Farm
55:19 Farm
58:40 Scout Tower
59:09 Arcane Tower
59:34 Farm
59:54 Farm
60:42 Orc Burrow
» items
Healing Salve2
Lesser Clarity Potion1
Staff of Teleportation1
4 total
HumanMataLite (teal | 59 APM | 2409 actions | 40:30)
Hero icon 4 Archmage
Ability icon 2 Summon Water Elemental
Ability icon 2 Brilliance Aura

» actions
Assign group hotkey353
Basic commands99
Build / train77
Enter build submenu50
Enter hero's abilities submenu5
Give item / drop item2
Remove unit from queue9
Right click938
Select / deselect581
Select group hotkey198
Use ability96
2409 total
» units
Peasant9
Rifleman11
Footman-2
Flying Machine4
22 total
» upgrades
Gunpowder1
Plating1
Sorceress Training1
3 total
» buildings
Altar of Kings1
Farm10
Blacksmith1
Barracks1
Arcane Vault1
Keep3
Arcane Sanctum6
Castle2
Lumber Mill1
Workshop3
Town Hall2
Scout Tower21
Guard Tower17
69 total
» build order
00:33 Altar of Kings
00:45 Farm
01:45 Blacksmith
01:58 Barracks
02:06 Farm
02:29 Farm
03:46 Farm
03:48 Farm
06:11 Arcane Vault
06:14 Farm
06:15 Farm
07:32 Farm
08:34 Keep
11:22 Farm
11:23 Farm
11:26 Arcane Sanctum
11:26 Arcane Sanctum
11:26 Arcane Sanctum
12:12 Castle
18:20 Lumber Mill
18:25 Arcane Sanctum
18:26 Arcane Sanctum
18:29 Arcane Sanctum
19:38 Workshop
19:38 Workshop
19:39 Workshop
22:07 Town Hall
24:30 Keep
25:43 Scout Tower
25:44 Scout Tower
25:45 Scout Tower
25:46 Scout Tower
25:47 Scout Tower
26:08 Scout Tower
26:12 Scout Tower
26:13 Scout Tower
26:14 Scout Tower
26:16 Scout Tower
26:17 Scout Tower
26:22 Scout Tower
26:25 Scout Tower
26:28 Scout Tower
26:29 Scout Tower
26:30 Scout Tower
26:52 Scout Tower
26:53 Scout Tower
26:55 Scout Tower
26:56 Scout Tower
26:57 Scout Tower
27:15 Guard Tower
27:15 Guard Tower
27:16 Guard Tower
27:46 Guard Tower
28:05 Guard Tower
28:06 Guard Tower
28:28 Guard Tower
28:29 Guard Tower
28:59 Guard Tower
28:59 Guard Tower
28:59 Guard Tower
29:02 Town Hall
32:59 Castle
» items
Scroll of Regeneration4
Scroll of Town Portal4
Staff of Teleportation1
Tiny Great Hall1
10 total
Random» OrcHiCPinkLemonade (yellow | 86 APM | 3464 actions | 40:24)
Hero icon 3 Far Seer
Ability icon 2 Far Sight
Ability icon 1 Feral Spirit

» actions
Assign group hotkey37
Basic commands149
Build / train34
ESC pressed4
Enter build submenu24
Enter hero's abilities submenu3
Give item / drop item2
Right click1790
Select / deselect323
Select group hotkey952
Use ability146
3464 total
» units
Peon9
Spirit Walker10
19 total
» upgrades
Spirit Walker Training2
2 total
» buildings
Altar of Storms1
Orc Burrow13
Voodoo Lounge2
Stronghold3
Spirit Lodge6
Fortress2
Great Hall1
28 total
» build order
00:14 Altar of Storms
00:33 Orc Burrow
01:15 Voodoo Lounge
01:32 Orc Burrow
05:39 Stronghold
05:40 Stronghold
08:01 Spirit Lodge
08:01 Spirit Lodge
08:02 Spirit Lodge
08:03 Spirit Lodge
08:08 Orc Burrow
08:10 Orc Burrow
08:11 Orc Burrow
08:24 Spirit Lodge
08:28 Orc Burrow
08:29 Orc Burrow
09:41 Fortress
09:48 Orc Burrow
09:48 Orc Burrow
14:15 Great Hall
21:47 Stronghold
28:06 Fortress
30:27 Voodoo Lounge
32:40 Spirit Lodge
32:42 Orc Burrow
32:43 Orc Burrow
32:44 Orc Burrow
36:16 Orc Burrow
» items
Staff of Teleportation1
Boots of Speed1
Scroll of Healing2
4 total

Chat log

(00:10 / Allies) 24.ounce.potion: im assbats
(00:17 / Allies) TacoBellSwamp: yeah she is
(00:18 / Allies) YeahImAssBats: no youre not
(00:28 / Allies) 24.ounce.potion: HEY, I'M ASSBATS
(00:34 / Allies) TacoBellSwamp: u like my website highper.ch?
(00:34 / Allies) YeahImAssBats: NO YOURE NOT
(01:01 / Allies) YeahImAssBats: my tongue is decomposing inside my mouth
(01:05 / Allies) 24.ounce.potion: cool
(01:06 / Allies) YeahImAssBats: wtf is that
(01:18 / Allies) YeahImAssBats: i suspect i may have scurvy
(01:29 / Allies) TacoBellSwamp: who you
(01:32 / Allies) MaxBuild: wtf ply
(01:32 / Allies) YeahImAssBats: i dont eat oranges, you see
(01:35 / Allies) MaxBuild: build
(01:46 / Allies) MaxBuild: azz
(02:08 / Allies) TacoBellSwamp: kablam
(02:15 / Allies) YeahImAssBats: uh
(02:16 / Allies) YeahImAssBats: okay
(02:21 / Allies) 24.ounce.potion: ownage
(02:22 / Allies) TacoBellSwamp: http://highper.ch
(02:24 / Allies) 24.ounce.potion: you got owned
(02:38 / Allies) YeahImAssBats: you cant own someone who doesnt give a fuck -_-
(02:45 / Allies) TacoBellSwamp: too late ALREADY DID
(02:51 / Allies) YeahImAssBats: did not
(03:03 / Allies) 24.ounce.potion: you got owned son
(03:23 / All) MataLite: yo fagbats
(03:26 / All) MataLite: you're definitely owned
(03:39 / All) YeahImAssBats: do you people think im someone im not?
(03:40 / All) HiCPinkLemonade: hay wats going on there.
(03:52 / All) YeahImAssBats: you talk as if you know me
(04:15 / Allies) TacoBellSwamp: u know bear and the boys
(04:22 / Allies) TacoBellSwamp: we all in the game
(04:22 / Allies) YeahImAssBats: havi bear?
(04:27 / Allies) TacoBellSwamp: shout out
(04:35 / Allies) 24.ounce.potion: shout
(04:36 / Allies) 24.ounce.potion: out
(04:36 / All) HiCPinkLemonade: holler
(04:45 / All) YeahImAssBats: i havent played this game in a year
(04:50 / All) YeahImAssBats: i dont know who you people are
(05:01 / All) HiCPinkLemonade: keepin a eye on you
(05:04 / All) YeahImAssBats: perhaps you think im talonsareimba
(05:10 / All) TacoBellSwamp: nah that's yeahshesassbats
(05:12 / All) HiCPinkLemonade: who is that
(05:17 / All) YeahImAssBats: thats yeahshesassbats.
(05:24 / All) MataLite: that's talons.
(05:25 / All) TacoBellSwamp: you the original rt noob
(05:26 / All) 24.ounce.potion: sorry
(05:29 / All) YeahImAssBats: my sexy cuddle bunny.
(05:37 / All) YeahImAssBats: oh ok
(05:40 / All) YeahImAssBats: i guess you do know me
(06:03 / Allies) 24.ounce.potion: oh whoops
(06:04 / Allies) 24.ounce.potion: sorry
(06:16 / Allies) YeahImAssBats: oh hey
(06:19 / Allies) YeahImAssBats: anyone want my resources
(06:25 / Allies) 24.ounce.potion: I need boots
(06:31 / Allies) YeahImAssBats: i dont have boots
(06:42 / Allies) 24.ounce.potion: gonna buy boots so I get nigger speed
(06:50 / All) 24.ounce.potion: (they run faster than white people)
(06:55 / Allies) YeahImAssBats: so what is highper.ch
(07:04 / Allies) TacoBellSwamp: best replay site
(07:13 / Allies) TacoBellSwamp: http://highper.ch/w3/nutsonyochin.de.html
(07:22 / Allies) YeahImAssBats: ill have to check it out.
(07:38 / Allies) YeahImAssBats: i really need to eat an orange
(07:41 / Allies) YeahImAssBats: gosh
(07:50 / Allies) YeahImAssBats: hey, there you go
(08:37 / Allies) YeahImAssBats: whats your vent info?
(09:24 / Allies) 24.ounce.potion: hey lets creep the expo
(09:26 / Allies) TacoBellSwamp: vent
(09:27 / Allies) TacoBellSwamp: is
(09:34 / Allies) TacoBellSwamp: 24ozpot knows it
(09:43 / Allies) 24.ounce.potion: I don't wanna tab out
(09:49 / Allies) 24.ounce.potion: this game so exciting
(09:52 / Allies) YeahImAssBats: fiddle sticks
(09:57 / Allies) TacoBellSwamp: 74.63.40.184 5500
(10:10 / Allies) 24.ounce.potion: 74.63.40.184 5500
(11:09 / Allies) YeahImAssBats: whats the pw?
(11:15 / Allies) 24.ounce.potion: wootabega

(12:38 / Allies) YeahImAssBats: give me control of your units.
(12:41 / Allies) YeahImAssBats: ill do some mad micro
(12:54 / All) HiCPinkLemonade: what happen teal
(12:57 / All) HiCPinkLemonade: U got glue on ur shoe
(13:17 / Allies) MaxBuild: air plz some one
(13:25 / Allies) 24.ounce.potion: my gold won'
(13:28 / Allies) 24.ounce.potion: won't work
(13:44 / Allies) YeahImAssBats: hey green u should mass bats

(15:48 / Allies) MaxBuild: air?
(15:53 / Allies) 24.ounce.potion: make bats

(18:40 / Allies) MaxBuild: wtf is this?
(18:52 / All) 24.ounce.potion: my allies are noobs
(19:52 / Allies) YeahImAssBats: massive fail.
(19:54 / Allies) MaxBuild: omg blue you are fuking retard?
(20:40 / Allies) MaxBuild: what is this i dont get it?

(23:08 / Allies) TacoBellSwamp: owned green lmao lmfao
(23:32 / All) TacoBellSwamp: Peace
(23:35 / All) TacoBellSwamp: Owned by Clan Towa
(23:54 / Allies) MaxBuild: who you?
(23:56 / Allies) TacoBellSwamp: bear_and
(23:57 / Allies) YeahImAssBats: oj can i have control of ur units now

(25:02 / Allies) MaxBuild: wtf is going on

(26:22 / Allies) MaxBuild: what da fuck is this
(26:26 / Allies) 24.ounce.potion: ?
(26:29 / Allies) MaxBuild: i whana know
(26:35 / Allies) 24.ounce.potion: its a random team game
(26:35 / Allies) MaxBuild: some one tell me
(27:11 / All) MataLite: Gotchu
(27:21 / All) MataLite: u have been sentenced
(27:23 / All) MataLite: for teamkilling
(27:56 / All) 24.ounce.potion: can you guys leave please?
(27:58 / All) 24.ounce.potion: we won
(28:03 / All) 24.ounce.potion: please leave

(32:47 / Allies) MaxBuild: i refused to belive what i just saw
(32:57 / Allies) 24.ounce.potion: what?
(33:03 / Allies) TacoBellSwamp: da cops are corrupt in this land
(33:07 / Allies) 24.ounce.potion: blue got a sweet itemjack
(33:12 / Allies) 24.ounce.potion: gj blue
(34:08 / Allies) TacoBellSwamp: ty

(38:24 / All) TacoBellSwamp: hej zombey
(38:34 / All) TacoBellSwamp: we reach evac site
(38:42 / All) TacoBellSwamp: the target has been rescue

(40:57 / Allies) MaxBuild: omfg w is this
(41:12 / All) TacoBellSwamp: THIS IS GG

(44:02 / Allies) MaxBuild: blue are you gona win today or what?
(44:18 / All) TacoBellSwamp: what you think im doing

(57:58 / All) TacoBellSwamp: TY
(58:21 / All) TacoBellSwamp: can U believe this?

(61:39 / All) TacoBellSwamp: ok RAULK
(61:49 / All) TacoBellSwamp: http://highper.ch/ for more mountain bases strategy